 Dungeon Crawl Stone Soup version 0.25-a0-201-g0bb11aece9 (webtiles) character file.

Game seed: 13229378673117174307, levelgen mode: deterministic

559 floatRand the Cutter (level 7, -2/45 HPs)
             Began as a Halfling Fighter on Dec 2, 2019.
             Killed from afar by Blork the orc (6 damage)
             ... with a puff of frost
             ... on level 4 of the Dungeon.
             The game lasted 00:05:48 (4095 turns).

floatRand the Cutter (Halfling Fighter)             Turns: 4095, Time: 00:05:49

Health: -2/45      AC:  8    Str: 17    XL:     7   Next: 57%
Magic:  7/7        EV:  9    Int:  7    God:
Gold:   107        SH: 10    Dex: 15    Spells: 6/6 levels left

rFire    + . .     SeeInvis .   a - +0 rapier
rCold    . . .     Gourm    .   c - +0 shield
rNeg     . . .     Faith    .   b - +0 scale mail
rPois    .         Spirit   .   (no helmet)
rElec    .         Reflect  .   (no cloak)
rCorr    +         Harm     .   (no gloves)
MR       .....                  m - +0 pair of boots
Stlth    ++........             l - amulet of magic regeneration
HPRegen  0.15/turn              h - ring of protection from fire
MPRegen  0.35/turn              k - ring of resist corrosion

@: no status effects
A: small, mutation resistance 1
a: no special abilities


You were on level 4 of the Dungeon.
You were hungry.

You visited 1 branch of the dungeon, and saw 4 of its levels.

You collected 107 gold pieces.

Inventory:

Hand Weapons
 a - a +0 rapier (weapon)
 n - a cursed +1 whip
Missiles
 j - 2 atropa-tipped darts (quivered)
Armour
 b - a +0 scale mail (worn)
 c - a +0 shield (worn)
 m - a +0 pair of boots (worn)
Jewellery
 h - a ring of protection from fire (left hand)
 k - a ring of resist corrosion (right hand)
 l - an amulet of magic regeneration (around neck)
Scrolls
 d - a scroll of random uselessness {unknown}
 g - 7 scrolls of remove curse
 i - 2 scrolls of teleportation
 o - a scroll of identify
 s - a scroll of enchant armour {unknown}
Potions
 e - a potion of curing
 p - 3 potions of lignification {unknown}
 q - a potion of haste {unknown}
 r - a potion of heal wounds {unknown}
 t - a potion of invisibility {unknown}
Comestibles
 f - 7 rations


   Skills:
 - Level 2.6 Fighting
 + Level 5.7 Short Blades
 - Level 3.2 Armour
 + Level 5.0 Stealth
 + Level 5.7 Shields


You had 6 spell levels left.
You didn't know any spells.
Your spell library contained the following spells:

 Spells                   Type           Power        Failure   Level  Hunger
 Magic Dart               Conj           #...         99%         1    ##.....
 Blink                    Tloc           N/A          100%        2    ###....
 Call Imp                 Summ           #.......     100%        2    ###....
 Slow                     Hex            #.......     100%        2    ###....
 Conjure Flame            Conj/Fire      #.......     100%        3    ####...
 Mephitic Cloud           Conj/Pois/Air  #.......     100%        3    ####...


Dungeon Overview and Level Annotations

Branches:
Dungeon (4/15)
 Temple: D:4-7

Altars:
Fedhas

Annotations:
D:4 Blork the orc


Innate Abilities, Weirdness & Mutations

You are small and have problems with some larger weapons.
You are somewhat resistant to further mutation.


Message History

* * * LOW HITPOINT WARNING * * *
Something completely misses you.
Found a scale mail.
Found a pink potion.
You block the frilled lizard's attack.
Found a ration.
The frilled lizard barely misses you.
You barely miss the frilled lizard. You hit the frilled lizard.
The frilled lizard is heavily wounded.
Something hits you.
* * * LOW HITPOINT WARNING * * *
The frilled lizard bites you but does no damage.
You hit something but do no damage. Something hits you.
* * * LOW HITPOINT WARNING * * *
You block the frilled lizard's attack. Something completely misses you.
You hear some strange, mumbled words.
A puff of frost appears from out of thin air!
The puff of frost hits you.
You die...

........#............
.......................
.#....................
...###............... .
...##..>............. ..
........................
........###..>..........
..
.........##.#.#..#....#
..
.........#..###.@#....#
.
....†........###......#
.
...###.>...###..l..####
...####....#.......##
.##
....##....###.....!....
...
##.###....##..#........
..
.....#....##..........#
#
#......#..#...........#
..#
#..######....##.%.....#
...


You could see a frilled lizard.

Vanquished Creatures
  An ogre (D:4)
  A scorpion (D:4)
  A hound (D:4)
  Jessica (D:2)
  Natasha (thrice) (D:2)
  2 worker ants (D:4)
  11 adders
  3 gnolls (D:2)
  5 oozes
  2 worms (D:2)
  A dart slug (D:2)
  2 leopard geckos
  3 orcs
  8 giant cockroaches
  9 goblins
  5 hobgoblins
  13 jackals
  8 bats
  6 frilled lizards
  6 kobolds
  13 rats
104 creatures vanquished.

Notes
Turn   | Place    | Note
-------+----------+-------------------------------------------
     0 | D:1      | floatRand the Halfling Fighter began the quest for the Orb.
     0 | D:1      | Reached XP level 1. HP: 15/15 MP: 1/1
     1 | D:1      | Found a runed translucent door.
    41 | D:1      | Reached XP level 2. HP: 17/20 MP: 2/2
    55 | D:1      | Reached skill level 1 in Stealth
   185 | D:1      | Reached XP level 3. HP: 8/25 MP: 3/3
   653 | D:1      | Reached XP level 4. HP: 26/30 MP: 4/4
  1400 | D:2      | Noticed Natasha
  1408 | D:2      | Killed Natasha
  1408 | D:2      | Reached XP level 5. HP: 22/35 MP: 5/5
  1427 | D:2      | Noticed Natasha
  1433 | D:2      | Killed Natasha
  1494 | D:2      | Noticed Natasha
  1500 | D:2      | Killed Natasha
  1807 | D:2      | Reached XP level 6. HP: 7/41 MP: 6/6
  2135 | D:2      | Noticed Jessica
  2138 | D:2      | Killed Jessica
  2325 | D:2      | Reached skill level 5 in Shields
  2549 | D:3      | Found a blossoming altar of Fedhas.
  3232 | D:4      | Noticed an ogre
  3240 | D:4      | Killed an ogre
  3240 | D:4      | Reached skill level 5 in Short Blades
  3240 | D:4      | Reached XP level 7. HP: 21/45 MP: 7/7
  3993 | D:4      | Reached skill level 5 in Stealth
  4044 | D:4      | Noticed Blork the orc
  4095 | D:4      | Killed from afar by Blork the orc

Levels and vault maps discovered:
D:1:      dpeg_arrival_caged_fury, layout_loops_ring,
          minmay_misc_feat_four_crosses, minmay_misc_feat_roman,
          palyth_stone_intersect
D:2:      layout_basic, uniq_natasha, uniq_jessica
D:3:      layout_loops_ring, lemuel_doored_altar, nrook_loot_triangle
D:4:      layout_cave_pools, first_ration, wad_orctagon,
          uniq_crazy_yiuf_cottage, uniq_blork_the_orc, uniq_menkaure,
          uniq_sigmund, uniq_edmund

Skill      XL: |  1  2  3  4  5  6  7 |
---------------+----------------------+-----
Stealth        | 1 2 3 4 5 |  5.0
Short Blades   | 3 4 5 |  5.7
Shields        | 4 5 |  5.7
Fighting       | |  2.6
Armour         | |  3.2

Action                   |  1- 3 |  4- 6 |  7- 9 || total
-------------------------+-------+-------+-------++-------
Melee: Rapier            |   110 |   206 |   111 ||   427
  Use: Scroll            |       |     7 |       ||     7
       Potion            |       |     1 |     1 ||     2
 Stab: Sleeping          |       |       |     1 ||     1
  Eat: Chunk             |       |     7 |     3 ||    10
Armor: Scale mail        |    40 |    54 |    28 ||   122
Dodge: Dodged            |    43 |    53 |    37 ||   133
Block: Shield            |    61 |   111 |    63 ||   235

Table legend:
 A = Non-vault XP
 B = Vault XP
 C = Vault XP percentage of total XP
 D = Non-vault monster count
 E = Vault monster count
 F = Vault count percentage of total count
                 A         B        C        D         E       F
            +---------+---------+-------+---------+---------+-------
      Total |     679 |     120 |  15.0 |      86 |      18 |  17.3
            +---------+---------+-------+---------+---------+-------
        D:1 |      34 |      48 |  58.5 |      22 |      16 |  42.1
        D:2 |     205 |      72 |  26.0 |      31 |       2 |   6.1
        D:3 |      67 |       0 |   0.0 |      20 |       0 |   0.0
        D:4 |     373 |       0 |   0.0 |      13 |       0 |   0.0
            +---------+---------+-------+---------+---------+-------
